 Dungeon Crawl Stone Soup version 0.18-a0-1805-g8ab820f (webtiles) character file.

86 warlockg3 the Ruffian (level 4, 0/54 HPs)
             Began as a Draconian Transmuter on Apr 26, 2016.
             Slain by an adder (5 damage)
             ... on level 2 of the Dungeon.
             The game lasted 00:03:53 (1390 turns).

warlockg3 the Ruffian (Draconian Transmuter)        Turns: 1390, Time: 00:03:54

Health: 0/54       AC:  6    Str: 17    XL:     4   Next: 26%
Magic:  7/7        EV: 13    Int: 15    God:
Gold:   83         SH:  0    Dex: 11    Spells: 1 memorised, 6 levels left

rFire  . . .     SeeInvis .       - Unarmed
rCold  . . .     Gourm    .     (armour unavailable)
rNeg   . . .     Faith    .     (no shield)
rPois  .         Spirit   .     (helmet restricted)
rElec  .         Dismiss  .     j - +0 cloak
rCorr  .         Reflect  .     (no gloves)
SustAt .         Harm     .     (boots currently unavailable)
MR     .....                    (no amulet)
Stlth  ..........               (no ring)
                                (no ring)

@: berserking, lethally poisoned (0 -> -10), appendage (expiring), very quick,
not resistant to hostile enchantments, extremely unstealthy
A: unfitting armour, talons 3, cold-blooded, AC +5
a: End Transformation


You were on level 2 of the Dungeon.
You were not hungry.
You had grown temporary talons.
You visited 1 branch of the dungeon, and saw 2 of its levels.

You collected 83 gold pieces.

Inventory:

Missiles
 a - 12 arrows
Armour
 g - a +0 pair of boots
 j - a +0 cloak (worn)
Jewellery
 s - an uncursed amulet of faith
Scrolls
 d - a scroll of remove curse
 e - a scroll of immolation {unknown}
 i - a scroll of recharging {unknown}
 m - a scroll of fog {unknown}
 n - a scroll of enchant armour {unknown}
 t - a scroll of noise {unknown}
Potions
 l - a potion of beneficial mutation {unknown}
 o - 2 potions of cure mutation {unknown}
 q - a potion of degeneration {unknown}
 r - a potion of might {unknown}
 u - a potion of flight {unknown}
 v - a potion of mutation {unknown}
Books
 b - a book of Changes

   Spells                             Type                      Level
   a - Beastly Appendage              Transmutation                1
   b - Sticks to Snakes               Transmutation                2
   c - Spider Form                    Transmutation/Poison         3
   d - Ice Form                       Ice/Transmutation            4
   e - Blade Hands                    Transmutation                5
Comestibles
 c - a bread ration
 f - a meat ration
 h - a fruit
 p - a beef jerky


   Skills:
 + Level 1.7 Fighting
 + Level 3.1 Dodging
 + Level 3.8 Unarmed Combat
 + Level 2.1 Spellcasting
 + Level 2.0 Transmutations


You had 6 spell levels left.
You knew the following spells:

 Your Spells              Type           Power        Failure   Level  Hunger
a - Beastly Appendage     Trmt           #.....       12%         1    #......


Dungeon Overview and Level Annotations

Branches:
Dungeon (2/15)

Altars:
Gozag


Innate Abilities, Weirdness & Mutations

Your plain brown scales are hard (AC +5).
Your body does not fit into most forms of armour.
You are cold-blooded and may be slowed by cold attacks.
You have claws for feet.


Message History

* * * LOW HITPOINT WARNING * * *
You feel sick. The adder misses you. The adder bites you but does no damage.
The hobgoblin misses you.
You miss the adder.
The adder is severely wounded.
* * * LOW HITPOINT WARNING * * *
You feel sick. The adder closely misses you.
The rat bites you but does no damage. The adder misses you.
You closely miss the adder. You claw the adder.
You kill the adder!
* * * LOW HITPOINT WARNING * * *
You feel sick. The adder bites you but does no damage.
The hobgoblin completely misses you. The rat bites you but does no damage.
* * * LOW HITPOINT WARNING * * *
You feel sick. The hobgoblin closely misses you.
You see here an adder corpse.
You punch the hobgoblin!
You kill the hobgoblin!
The rat closely misses you. The adder bites you.
You die...

.##.. ..........#
.... ..........# #..
..........# ... ##..
.......... ..S.. #...
.<.......##......
..##
............#.#..
........#<..>.......#
......†@##....##....#
......rS#......#....#
.............#.#....#
.............#.....
.......#.....##...#
###
#.....###..>.##.#.##
#.. ####.#
##.##.#..#..# #.. #..
#........)#.###.. #.#
#.........#..##..


You could see an adder and a rat.

Vanquished Creatures
  5 adders (D:2)
  An ooze (D:1)
  A worm (D:2)
  A dart slug (D:1)
  A giant cockroach (D:1)
  3 goblins
  5 hobgoblins
  A ball python (D:2)
  3 bats
  A giant newt (D:1)
  5 kobolds
  6 rats
33 creatures vanquished.

Notes
Turn   | Place    | Note
--------------------------------------------------------------
     0 | D:1      | warlockg3 the Draconian Transmuter began the quest for the Orb.
     0 | D:1      | Reached XP level 1. HP: 16/16 MP: 3/3
   239 | D:1      | Reached XP level 2. HP: 15/23 MP: 3/5
   961 | D:2      | Reached XP level 3. HP: 22/28 MP: 6/6
  1281 | D:2      | Found an opulent altar of Gozag.
  1297 | D:2      | Reached XP level 4. HP: 36/36 MP: 7/7
  1390 | D:2      | Slain by an adder

Vault maps used:
D:1:      grunt_arrival_crossed_arrows, minmay_curled_crystal
D:2:      first_bread, grunt_gozag_statues

Skill      XL: |  1  2  3 |
---------------+----------+-----
Dodging        | 2 3 |  3.1
Fighting       | |  1.7
Unarmed Combat | |  3.8
Spellcasting   | |  2.1
Transmutations | |  2.0

Action                   |  1- 3 |  4- 6 || total
-------------------------+-------+-------++-------
Melee: Unarmed           |   134 |    22 ||   156
       Tailslap          |    12 |     1 ||    13
       Kick              |     4 |     3 ||     7
       Headbutt          |     4 |       ||     4
       Punch             |     1 |       ||     1
 Cast: Beastly Appendage |     5 |     2 ||     7
  Use: Scroll            |       |     1 ||     1
       Potion            |       |     1 ||     1
 Stab: Sleeping          |     1 |       ||     1
  Eat: Chunk             |     1 |       ||     1
       Fruit             |       |     1 ||     1
Armor: Skin              |    38 |    14 ||    52
Dodge: Dodged            |    97 |    30 ||   127
